[Event "Team 45 45 League T39"]
[Site "Internet Chess Club"]
[Date "2008.11.23"]
[Round "5"]
[White "ticopatzer"]
[Black "Berkshires"]
[Result "1-0"]
[WhiteElo "1452"]
[BlackElo "1417"]
[Opening "Scotch game"]
[ECO "C45"]
[Time "17:57:40"]
[TimeControl "2700+45"]

1. e4 e5 2. Nf3 Nc6 3. d4 exd4 4. Nxd4 Nxd4 5. Qxd4 d6 6. Nc3 Nf6 7. Bg5 Be7 8.
O-O-O O-O 9. Bc4 Be6 10. Rhe1 Bxc4 11. Qxc4 Nd7 12. Bxe7 Qxe7 13. Qxc7 Qg5+ 14.
Kb1 Ne5 15. Qxd6 Rad8 16. f4 Nc4 17. fxg5 Rxd6 18. Rxd6 Nxd6 19. Rd1 Nc4 20. Rd7
Rb8 21. b3 Ne3 22. g3 Nf1 23. Nb5 Nxh2 24. Nxa7 Nf3 25. Nb5 Nxg5 26. Nd6 b6 27.
c4 g6 28. Kc2 Rf8 29. Rb7 Ra8 30. a4 Ra6 31. Kd3 b5 32. Nxb5 Ne6 33. Rb8+ Kg7
34. e5 Nc5+ 35. Kd4 Nxb3+ 36. Kc3 Nc5 37. Kb4 Ne6 38. Rb7 Rxa4+ 39. Kxa4 Nc5+
40. Kb4 Nxb7 41. c5 Nd8 42. Nd6 Nc6+ 43. Kb5 Nxe5 44. Nc4 Kf6 45. Nxe5 Kxe5 46.
c6 Kd6 47. Kb6 f5 48. c7 f4 49. gxf4 h5 50. c8=Q h4 51. Qc6+ Ke7 52. Qxg6 {Black
resigns} 1-0

[Event "Team 45 45 League T39"]
[Site "Internet Chess Club"]
[Date "2008.11.20"]
[Round "5"]
[White "ShanghaiTom"]
[Black "cityprosecutor"]
[Result "1-0"]
[WhiteElo "1760"]
[BlackElo "1778"]
[Opening "Sicilian: Smith-Morra gambit"]
[ECO "B21"]
[Time "21:09:46"]
[TimeControl "2700+45"]

1. e4 c5 2. d4 cxd4 3. c3 dxc3 4. Nxc3 e6 5. Nf3 d6 6. Bc4 a6 7. a4 Be7 8. O-O
Nf6 9. Qe2 O-O 10. Rd1 Qc7 11. Bf4 Nc6 12. Rac1 e5 13. Be3 Bg4 14. Ba2 Qb8 15.
h3 Bh5 16. Bg5 Nd4 17. Qe3 Nxf3+ 18. gxf3 Qc8 19. Kh2 Qc5 20. Nd5 Nxd5 21. Bxd5
Bxg5 22. Qxg5 Qxf2+ 23. Qg2 Qxf3 24. Rg1 Qxg2+ 25. Rxg2 Rab8 26. Rc7 b5 27. a5
Rbc8 28. Ra7 Rc1 29. Rxa6 Ra1 30. Rf2 b4 31. Ra7 h6 32. b3 Bg6 33. a6 h5 34. Re2
Kh7 35. Bc4 f5 36. exf5 Rxf5 37. Rd7 d5 38. Rxd5 h4 39. Rdxe5 Rff1 40. Kg2 Rg1+
41. Kf2 Raf1+ 42. Ke3 Rg3+ 43. Kd2 Rxh3 44. a7 Ra1 45. Re7 Rhh1 46. Ke3 Rh3+ 47.
Kd4 Rg3 48. Bd5 Bh5 49. R2e3 Rxe3 50. Kxe3 Re1+ 51. Kf2 Rxe7 52. a8=Q Re2+ 53.
Kf1 h3 54. Be4+ Kh6 55. Qc6+ Kg5 56. Bf3 Bxf3 57. Qxf3 Rh2 58. Qg3+ {Black
resigns} 1-0

[Event "Team 45 45 League T39"]
[Site "Internet Chess Club"]
[Date "2008.11.26"]
[Round "5"]
[White "mongmong"]
[Black "clarinetref"]
[Result "1/2-1/2"]
[WhiteElo "1674"]
[BlackElo "1706"]
[Opening "Modern defense"]
[ECO "A40"]
[Time "20:09:05"]
[TimeControl "2700+45"]

1. d4 g6 2. Nf3 d6 3. e3 b6 4. Be2 Bg7 5. c4 a5 6. Nc3 Nf6 7. b3 O-O 8. Bb2 Bb7
9. O-O Nbd7 10. a3 Ne4 11. Nxe4 Bxe4 12. b4 axb4 13. axb4 Rxa1 14. Bxa1 Qa8 15.
Qb3 c5 16. Bb2 cxd4 17. exd4 Qb7 18. Ra1 Ra8 19. Rxa8+ Qxa8 20. d5 Bxb2 21. Qxb2
Bxf3 22. Bxf3 Ne5 23. Be2 Qc8 24. Qc3 Qf5 25. h3 h5 26. c5 dxc5 27. bxc5 bxc5
28. Qxc5 Qb1+ 29. Kh2 Qb8 30. Kg1 Qd6 31. Qxd6 exd6 32. f4 Nd7 33. Kf2 Kg7 34.
Ke3 {Game drawn by mutual agreement} 1/2-1/2

[Event "Team 45 45 League T39"]
[Site "Internet Chess Club"]
[Date "2008.11.24"]
[Round "5"]
[White "whiterook"]
[Black "ElMarginal"]
[Result "0-1"]
[WhiteElo "1586"]
[BlackElo "1441"]
[Opening "Giuoco Piano: Greco variation"]
[ECO "C54"]
[Time "20:00:21"]
[TimeControl "2700+45"]

1. e4 e5 2. Nf3 Nc6 3. Bc4 Bc5 4. c3 Nf6 5. d4 exd4 6. cxd4 Bb4+ 7. Nc3 Nxe4 8.
O-O Nxc3 9. bxc3 Be7 10. Re1 O-O 11. Bd3 d5 12. Qc2 g6 13. Bh6 Re8 14. Ne5 Nxe5
15. dxe5 Bg5 16. Bxg5 Qxg5 17. Re3 Rxe5 18. Rae1 Rxe3 19. Rxe3 Be6 20. Rg3 Qf6
21. Rf3 Qe7 22. Re3 c5 23. f4 c4 24. Be2 Qc5 25. Qd2 Re8 26. Kf1 Bd7 27. Rg3 Bf5
28. h4 b5 29. h5 a5 30. hxg6 hxg6 31. Qc1 Kg7 32. Qd2 Rh8 33. Qd4+ Qxd4 34. cxd4
Rh1+ 35. Kf2 Ra1 36. Ra3 a4 37. Ke3 Bb1 38. Kd2 Rxa2+ 39. Rxa2 Bxa2 40. Kc3 Bb3
41. Kb4 Kf6 42. Bf3 Ke6 43. g4 Kd6 44. Bg2 Kc6 45. Bf3 Bc2 46. Be2 Be4 47. Bd1
Kb6 48. Be2 a3 49. Kxa3 Ka5 50. Bd1 b4+ 51. Kb2 Kb6 52. Be2 Kc6 53. Bd1 Kd6 54.
Be2 Ke6 55. Bd1 Bd3 56. Bf3 Kd6 57. Bd1 Kc6 58. Bf3 Be4 59. Bd1 Kb5 60. Be2 Ka5
61. Bd1 c3+ 62. Kb3 Bd3 63. Bf3 Bc4+ 64. Kc2 Ka4 65. Bd1 Ka3 66. Bf3 Ka2 67. g5
b3+ 68. Kc1 b2+ {White resigns} 0-1

[Event "Team 45 45 League T39"]
[Site "Internet Chess Club"]
[Date "2008.11.23"]
[Round "5"]
[White "Just-Jim"]
[Black "Aquaman"]
[Result "0-1"]
[WhiteElo "1335"]
[BlackElo "1388"]
[Opening "French defense"]
[ECO "C01"]
[Time "15:56:56"]
[TimeControl "2700+45"]

1. e4 e6 2. d4 e5 3. Nf3 exd4 4. Nxd4 d6 5. Nc3 Nf6 6. Bc4 Be7 7. h3 O-O 8. O-O
Nbd7 9. Re1 Ne5 10. Bb3 Bd7 11. f4 Nc6 12. e5 Nxd4 13. Qxd4 dxe5 14. fxe5 b6 15.
Qd3 Bc5+ 16. Kh1 Nh5 17. Qe2 Ng3+ 18. Kh2 Nxe2 19. Nxe2 Be6 20. Ba4 Bd7 21. Rd1
Qh4 22. Bxd7 Rad8 23. Bf4 Qe7 24. Bg4 Rxd1 25. Rxd1 Rd8 26. Rf1 h6 27. Nc3 Bd4
28. Nd1 Bxe5 29. Bxe5 Qxe5+ 30. Kh1 Rd2 31. Nf2 Rxc2 32. Nd3 Qe4 33. Ne1 Rxb2
34. Bf3 Qc4 35. Rg1 Rb1 36. Bg4 Qc3 37. Nf3 Rxg1+ 38. Kxg1 Qa1+ 39. Kh2 Qxa2 40.
Ne5 Qd5 41. Nf3 g6 42. Nh4 Qd6+ 43. Kh1 Qf4 44. Kg1 h5 45. Nxg6 fxg6 46. Be6+
Kg7 {White resigns} 0-1

[Event "Team 45 45 League T39"]
[Site "Internet Chess Club"]
[Date "2008.11.24"]
[Round "5"]
[White "albacore"]
[Black "Shazaam"]
[Result "1-0"]
[WhiteElo "1368"]
[BlackElo "1574"]
[Opening "Queen's pawn game"]
[ECO "D02"]
[Time "20:04:46"]
[TimeControl "2700+45"]

1. d4 d5 2. Nf3 e6 3. Bf4 Be7 4. e3 Nf6 5. Nbd2 Nbd7 6. c4 b6 7. Be2 Bb7 8. h3
Ne4 9. O-O O-O 10. cxd5 exd5 11. Rc1 Rc8 12. Qa4 c5 13. Ba6 Bc6 14. Bb5 Bxb5 15.
Qxb5 a6 16. Qxa6 Ra8 17. Qd3 Rxa2 18. Nxe4 dxe4 19. Qxe4 Nf6 20. Qb1 Qd5 21.
dxc5 Bxc5 22. Rfd1 Qb3 23. Be5 Ne4 24. Qxe4 Qe6 25. Ng5 Qh6 26. Bf4 Qg6 27. Qxg6
fxg6 28. Ne6 Rc8 29. Nxc5 bxc5 30. b3 Ra3 31. Bd6 Rxb3 32. Bxc5 Rb5 33. Bd4 Rcb8
34. Rc7 R5b7 35. Rxb7 Rxb7 36. Ra1 Kf7 37. Ra7 Rxa7 38. Bxa7 h5 39. Bd4 g5 40.
g3 g6 41. Kg2 Ke6 42. Kf3 Kf5 43. g4+ Ke6 44. Ke4 Kd6 45. f4 gxf4 46. Kxf4 Ke6
47. gxh5 Kf7 48. hxg6+ Kxg6 49. Kg4 Kh6 50. h4 Kg6 51. Kf4 Kf7 52. Kf5 Kg8 53.
Ke6 Kh7 54. Kf7 Kh6 55. e4 Kh5 56. e5 Kxh4 57. e6 Kg4 58. e7 Kf4 59. e8=Q Kf3
60. Ba1 Kf4 61. Qe6 Kf3 62. Qe5 Kf2 63. Qe4 Kg3 64. Kf6 Kf2 65. Kf5 Kg3 66. Qe3+
Kh4 67. Qg1 Kh3 68. Kf4 Kh4 69. Qh1# {Black checkmated} 1-0

[Event "Team 45 45 League T39"]
[Site "Internet Chess Club"]
[Date "2008.11.27"]
[Round "5"]
[White "xlxe5"]
[Black "Kalar-Yadwa"]
[Result "0-1"]
[WhiteElo "1245"]
[BlackElo "1353"]
[Opening "Queen's pawn game"]
[ECO "D05"]
[Time "13:12:58"]
[TimeControl "2700+45"]

1. d4 Nf6 2. Nf3 e6 3. e3 d5 4. Bd3 Nbd7 5. Nbd2 Bd6 6. c3 b6 7. Qe2 Bb7 8. O-O
c5 9. e4 dxe4 10. Nxe4 Nxe4 11. Bxe4 Bxe4 12. Qxe4 Nf6 13. Qe2 Qc7 14. Bd2 Rd8
15. Be3 O-O 16. Rad1 Nd5 17. Bg5 Be7 18. Bxe7 Qxe7 19. Qe5 c4 20. Rfe1 Rfe8 21.
Nd2 b5 22. b3 Nxc3 23. Ra1 Rd5 24. Qe3 b4 25. Nxc4 Red8 26. Ne5 Qc7 27. Nf3 a5
28. Rac1 Qb6 29. a3 Nb5 30. a4 Nxd4 31. Nxd4 Rxd4 32. g3 Qd6 33. Qe2 Qd5 34. Qe5
Qxe5 35. Rxe5 Rd1+ 36. Rxd1 Rxd1+ 37. Kg2 Rd5 38. Rxd5 exd5 39. Kf3 Kf8 40. Ke3
Ke7 41. Kd4 Kd6 42. f4 f6 43. h4 g6 44. g4 h6 45. g5 hxg5 46. f5 gxh4 47. fxg6
Ke7 48. g7 Kf7 49. g8=Q+ Kxg8 50. Kxd5 h3 51. Kc5 h2 52. Kb5 h1=Q 53. Kxa5 Qd5+
54. Kxb4 Kf7 55. a5 Ke7 56. a6 Kd7 57. a7 Kc7 58. a8=Q Qxa8 59. Kc5 Qd8 60. b4
f5 61. b5 f4 62. b6+ Kb7 63. Kb5 f3 64. Ka5 Qxb6+ 65. Ka4 f2 66. Ka3 f1=Q 67.
Ka2 Qfa6# {White checkmated} 0-1

[Event "Team 45 45 League T39"]
[Site "Internet Chess Club"]
[Date "2008.11.25"]
[Round "5"]
[White "JustinZ"]
[Black "cobra2008"]
[Result "1-0"]
[WhiteElo "1251"]
[BlackElo "1330"]
[Opening "Ruy Lopez: classical (Cordel) defense"]
[ECO "C64"]
[Time "21:00:06"]
[TimeControl "2700+45"]

1. e4 e5 2. Nf3 Nc6 3. Bb5 Bc5 4. O-O d6 5. d4 Bxd4 6. Nxd4 exd4 7. Qxd4 Qf6 8.
Qd5 Bd7 9. c3 Nge7 10. Bg5 Qe5 11. Qxe5 Nxe5 12. Bxd7+ Nxd7 13. Bxe7 Kxe7 14.
Re1 Rae8 15. f4 Nc5 16. e5 d5 17. b3 Nd3 18. Rf1 Nc5 19. Nd2 Kd8 20. Nf3 Ne4 21.
c4 c6 22. Rad1 Nc3 23. Rd2 Kc7 24. cxd5 Nxd5 25. Rc1 Rd8 26. Ng5 Rd7 27. e6 fxe6
28. Nxe6+ Kd6 29. f5 b6 30. g4 h6 31. Nf4 Kc7 32. Nxd5+ Kb7 33. Rcd1 cxd5 34.
Rxd5 Rc7 35. Rd7 Kc8 36. Rxc7+ Kxc7 37. h4 Re8 38. Kf2 Re4 39. Kf3 Re5 40. Kf4
Rb5 41. g5 Rb4+ 42. Ke5 Rxh4 43. f6 gxf6+ 44. gxf6 Rh5+ 45. Ke6 Rh2 46. f7 Re2+
47. Kf6 Rf2+ 48. Kg7 Rg2+ 49. Kxh6 Rh2+ 50. Kg7 Rg2+ 51. Kf8 Rxa2 52. Rg1 Rf2
53. Kg8 a5 54. f8=Q Rxf8+ 55. Kxf8 Kc6 56. Rg5 b5 57. Kf7 a4 58. bxa4 bxa4 59.
Ke7 Kb6 60. Kd7 a3 61. Kd6 Ka6 62. Rg3 Kb5 63. Rxa3 Kb4 64. Rh3 Kc4 65. Ke6 Kd4
66. Kf6 Ke4 67. Kg5 Kd4 68. Kf4 Kd5 69. Re3 Kd4 70. Re7 Kd5 71. Re1 Kd4 72. Rd1+
Kc4 73. Ke3 Kc3 74. Rc1+ Kb4 75. Kd3 Kb5 76. Kd4 Kb6 77. Kd5 Kb5 78. Rb1+ Ka4
79. Kc5 Ka3 80. Kc4 Ka2 81. Rb7 Ka3 82. Rb8 Ka2 83. Kc3 Ka1 84. Kc2 Ka2 85. Ra8#
{Black checkmated} 1-0

[Event "Team 45 45 League T39"]
[Site "Internet Chess Club"]
[Date "2008.11.22"]
[Round "5"]
[White "GadsHill"]
[Black "john-beebs"]
[Result "1-0"]
[WhiteElo "1569"]
[BlackElo "1441"]
[Opening "QGD: Marshall defense"]
[ECO "D06"]
[Time "15:01:17"]
[TimeControl "2700+45"]

1. d4 d5 2. c4 Nf6 3. cxd5 Nxd5 4. Nf3 Nc6 5. e4 Nf6 6. Nc3 Bg4 7. d5 Ne5 8.
Nxe5 Bxd1 9. Bb5+ c6 10. dxc6 Bg4 11. c7+ Qd7 12. Nxd7 Bxd7 13. Bxd7+ Nxd7 14.
Bf4 e5 15. Be3 Bc5 16. Ke2 Bxe3 17. Kxe3 O-O 18. Nd5 Nb6 19. b3 f6 20. Rac1 Nc8
21. Rhd1 Nd6 22. Nb6 axb6 23. Rxd6 Rac8 24. Rxb6 Rf7 25. Rxb7 g6 26. Rb8 Rxc7
27. Rxc8+ {Black resigns} 1-0

[Event "Team 45 45 League T39"]
[Site "Internet Chess Club"]
[Date "2008.11.22"]
[Round "5"]
[White "Mutaant"]
[Black "IanT"]
[Result "1-0"]
[WhiteElo "1528"]
[BlackElo "1283"]
[Opening "Giuoco Piano"]
[ECO "C50"]
[Time "22:30:06"]
[TimeControl "2700+45"]

1. e4 e5 2. Nf3 Nc6 3. Bc4 Bc5 4. O-O d6 5. h3 Be6 6. Bxe6 fxe6 7. d3 Nf6 8. Bg5
h6 9. Bh4 O-O 10. Nbd2 d5 11. Nh2 Nd4 12. Ng4 Qe7 13. Nxe5 Qd6 14. Bg3 Qb6 15.
b3 Rad8 16. c4 c6 17. a3 Bd6 18. b4 Bxe5 19. Bxe5 c5 20. Bxd4 cxd4 21. c5 Qb5
22. Nf3 dxe4 23. dxe4 Nxe4 24. Re1 Nc3 25. Qb3 Ne2+ 26. Kh2 Rfe8 27. a4 Qc6 28.
Rxe2 Qc7+ 29. Kg1 d3 30. Rxe6 Kh7 31. Rxe8 Rxe8 32. Qxd3+ {Black resigns} 1-0

[Event "Team 45 45 League T39"]
[Site "Internet Chess Club"]
[Date "2008.11.25"]
[Round "5"]
[White "bjc"]
[Black "wrimle"]
[Result "1-0"]
[WhiteElo "1341"]
[BlackElo "1269"]
[Opening "Scandinavian defense"]
[ECO "B01"]
[Time "15:05:22"]
[TimeControl "2700+45"]

1. e4 d5 2. exd5 Nf6 3. Nf3 Nxd5 4. Be2 Bf5 5. d4 Nc6 6. c4 Nb6 7. Be3 Na5 8.
Nbd2 g6 9. c5 Nd5 10. Bg5 Bg7 11. O-O O-O 12. Nc4 Nc6 13. Ne3 Re8 14. Nxf5 gxf5
15. Qd2 f6 16. Bh6 e5 17. Nh4 Qd7 18. Bxg7 Kxg7 19. Qd3 Nxd4 20. Qg3+ Kf7 21.
Bh5+ Ke6 22. Rae1 Rg8 23. Qd3 Nf4 24. Qc4+ Qd5 25. Qxd5+ Kxd5 26. Bf7+ Kxc5 27.
Bxg8 Rxg8 28. Rc1+ Kd6 29. Rcd1 Ke6 30. Rfe1 Nf3+ 31. Nxf3 Rxg2+ 32. Kf1 Nh3 33.
Rd2 e4 34. Kxg2 Nf4+ 35. Kg3 {Black resigns} 1-0

[Event "Team 45 45 League T39"]
[Site "Internet Chess Club"]
[Date "2008.11.25"]
[Round "5"]
[White "moreffee"]
[Black "KingsGrace"]
[Result "1-0"]
[WhiteElo "1372"]
[BlackElo "1224"]
[Opening "King's pawn game"]
[ECO "C50"]
[Time "11:57:31"]
[TimeControl "2700+45"]

1. Nf3 Nc6 2. e4 e5 3. Bc4 d6 4. O-O Be7 5. Nc3 a6 6. a4 Bg4 7. d3 Nd4 8. Bxf7+
Kf8 9. Bxg8 Nxf3+ 10. gxf3 Bh3 11. Re1 Kxg8 12. f4 h5 13. Re3 Rh6 14. Rxh3 Rg6+
15. Rg3 Qe8 16. f5 Rxg3+ 17. fxg3 g6 18. Nd5 Bd8 19. f6 Qf7 20. Bg5 c6 21. Ne3
Bb6 22. Kg2 Bxe3 23. Bxe3 Qxf6 24. Qf3 Rf8 25. Qxf6 Rxf6 26. Bg5 Rf7 27. h4 d5
28. exd5 cxd5 29. Rf1 Rc7 30. c3 b5 31. axb5 axb5 32. Rf6 d4 33. Rxg6+ Kf7 34.
Rh6 Rc6 35. Rxc6 {Black resigns} 1-0

[Event "Team 45 45 League T39"]
[Site "Internet Chess Club"]
[Date "2008.11.11"]
[Round "5"]
[White "MiroslavR"]
[Black "fishhead"]
[Result "0-1"]
[WhiteElo "1865"]
[BlackElo "1951"]
[Opening "Nimzo-Indian: classical variation"]
[ECO "E32"]
[Time "12:00:20"]
[TimeControl "2700+45"]

1. d4 Nf6 2. c4 e6 3. Nc3 Bb4 4. Qc2 b6 5. e4 Bb7 6. Bd3 Bxc3+ 7. bxc3 d6 8. f4
h6 9. Nf3 Qe7 10. O-O c5 11. d5 O-O 12. e5 Ne8 13. dxe6 fxe6 14. exd6 Qxd6 15.
Ne5 Nd7 16. Bh7+ Kh8 17. Ng6+ Kxh7 18. Nxf8+ Kg8 19. Nxd7 Qxd7 20. f5 e5 21. f6
Nxf6 22. Bxh6 Be4 23. Qd1 Bd3 24. Rxf6 gxf6 25. Qf3 e4 26. Qxf6 Qf7 27. Qg5+ Kh7
28. Qh4 Kg8 29. Bf4 Rf8 30. g3 Qf6 31. Qxf6 Rxf6 32. a4 Bxc4 33. a5 b5 34. Kf2
a6 35. Ke3 Bd3 36. h4 Kf7 37. g4 Ke6 38. g5 Rf8 39. h5 Kf5 40. g6 Rg8 41. Rg1 b4
42. Rg5+ Kf6 43. Rxc5 b3 44. Rc6+ Kf5 45. Rb6 Bb5 46. Kd2 Kxf4 47. h6 e3+ 48.
Kc1 Re8 49. g7 e2 50. Rf6+ Kg5 51. g8=Q+ Rxg8 52. Re6 Rh8 {White resigns} 0-1

[Event "Team 45 45 League T39"]
[Site "Internet Chess Club"]
[Date "2008.11.24"]
[Round "5"]
[White "Bega"]
[Black "kabindra"]
[Result "1-0"]
[WhiteElo "1823"]
[BlackElo "1892"]
[Opening "Ruy Lopez: closed (10...c5)"]
[ECO "C96"]
[Time "13:00:05"]
[TimeControl "2700+45"]

1. e4 e5 2. Nf3 Nc6 3. Bb5 a6 4. Ba4 Nf6 5. O-O Be7 6. Re1 b5 7. Bb3 d6 8. c3
O-O 9. h3 Na5 10. Bc2 c5 11. d4 cxd4 12. cxd4 Qc7 13. Bg5 Bb7 14. d5 Rfc8 15.
Bd3 Nc4 16. Qe2 Qd8 17. b3 Nb6 18. Nbd2 Nfxd5 19. exd5 Bxg5 20. Nxg5 Qxg5 21.
Ne4 Qh6 22. Ng3 Bxd5 23. Be4 Bxe4 24. Qxe4 Qe6 25. Rad1 f6 26. Nf5 d5 27. Qg4
Qd7 28. Rxd5 Qb7 29. Rd6 Rf8 30. Rxb6 Qc7 31. Rd1 g6 32. Rbd6 Rad8 33. Nh6+ Kg7
34. Rd7+ {Black resigns} 1-0

[Event "Team 45 45 League T39"]
[Site "Internet Chess Club"]
[Date "2008.11.22"]
[Round "5"]
[White "Russellovich"]
[Black "Mater"]
[Result "1-0"]
[WhiteElo "1769"]
[BlackElo "1707"]
[Opening "Sicilian: Najdorf, Byrne (English) attack"]
[ECO "B90"]
[Time "13:08:02"]
[TimeControl "2700+45"]

1. e4 c5 2. Nf3 d6 3. d4 cxd4 4. Nxd4 Nf6 5. Nc3 a6 6. Be3 g6 7. f3 Bg7 8. Qd2
h6 9. O-O-O b5 10. g4 Nfd7 11. h4 Bb7 12. Be2 Nc6 13. f4 Qa5 14. Kb1 Nc5 15. Nb3
Nxb3 16. axb3 Nb4 17. Bf3 Rc8 18. Bd4 Bxd4 19. Qxd4 O-O 20. h5 Rc5 21. hxg6 f6
22. Rxh6 Rfc8 23. Rdh1 Kg7 24. Rh7+ Kg8 25. Rh8+ Kg7 26. R1h7+ Kxg6 27. f5+
{Black resigns} 1-0

[Event "Team 45 45 League T39"]
[Site "Internet Chess Club"]
[Date "2008.11.25"]
[Round "5"]
[White "giltar"]
[Black "Solfege"]
[Result "0-1"]
[WhiteElo "1820"]
[BlackElo "1979"]
[Opening "Queen's pawn: Yusupov-Rubinstein system"]
[ECO "A40"]
[Time "14:30:13"]
[TimeControl "2700+45"]

1. d4 e6 2. Nf3 Nf6 3. e3 b6 4. Bd3 c5 5. O-O Nc6 6. c4 Bb7 7. Nc3 Be7 8. a3 d5
9. dxc5 bxc5 10. cxd5 exd5 11. Bb5 O-O 12. Qa4 Qb6 13. Rd1 a6 14. Be2 Rad8 15.
Qf4 Qb3 16. Rd3 c4 17. Rd2 Bd6 18. Qh4 Be7 19. Nd4 Nxd4 20. Qxd4 Rd6 21. Bd1 Qb6
22. Na4 Qc7 23. Rc2 Ne4 24. Bf3 Bf6 25. Qd1 Bc6 26. Nc3 Bxc3 27. bxc3 Ba4 28.
Qe2 Bxc2 29. Qxc2 f5 30. a4 Rh6 31. g3 Qe5 32. Ba3 Rb8 33. Bb4 Rxb4 34. cxb4
Qxa1+ 35. Kg2 Qe1 36. b5 Nxf2 37. Qxf2 Rxh2+ {White resigns} 0-1

[Event "Team 45 45 League T39"]
[Site "Internet Chess Club"]
[Date "2008.11.23"]
[Round "5"]
[White "Rainbird"]
[Black "mfeatherston"]
[Result "0-1"]
[WhiteElo "1809"]
[BlackElo "1848"]
[Opening "English: ultra-symmetrical variation"]
[ECO "A36"]
[Time "18:02:14"]
[TimeControl "2700+45"]

1. c4 c5 2. g3 g6 3. Bg2 Bg7 4. Nc3 Nc6 5. a3 d6 6. Rb1 a5 7. e3 e5 8. Nge2 Nge7
9. d3 O-O 10. O-O Rb8 11. Bd2 Be6 12. Nd5 b5 13. Nec3 b4 14. Nxe7+ Nxe7 15. axb4
axb4 16. Nd5 Nxd5 17. Bxd5 Bxd5 18. cxd5 Qd7 19. e4 f5 20. Ra1 Ra8 21. Qc2 f4
22. b3 f3 23. Rxa8 Qh3 {White resigns} 0-1

[Event "Team 45 45 League T39"]
[Site "Internet Chess Club"]
[Date "2008.11.30"]
[Round "5"]
[White "Grenadier"]
[Black "RealChosenOne"]
[Result "0-1"]
[WhiteElo "1696"]
[BlackElo "1795"]
[Opening "Sicilian: Grand Prix attack"]
[ECO "B23"]
[Time "16:03:32"]
[TimeControl "2700+45"]

1. e4 c5 2. Nc3 Nc6 3. f4 g6 4. Nf3 Bg7 5. Bb5 Nd4 6. O-O a6 7. Bc4 e6 8. a4 Ne7
9. d3 d5 10. exd5 exd5 11. Ba2 O-O 12. h3 b5 13. Be3 b4 14. Ne2 Nxf3+ 15. Rxf3
d4 16. Bd2 Bb7 17. Rf2 a5 18. Ng3 Nd5 19. Bxd5 Bxd5 20. f5 Re8 21. Qg4 Ra6 22.
Raf1 h5 23. Qg5 Qxg5 24. Bxg5 f6 25. Bd2 h4 26. Ne2 g5 27. Nc1 Ra7 28. Re1 Rxe1+
29. Bxe1 Re7 30. Re2 Rxe2 31. Nxe2 Ba2 32. c3 dxc3 33. Nxc3 bxc3 34. Bxc3 Bb1
35. d4 cxd4 36. Bxd4 Bxf5 37. Bc3 Bc2 38. Bxa5 Kf7 39. Kf2 Bxa4 40. g3 hxg3+ 41.
Kxg3 f5 42. b4 Bc3 43. h4 gxh4+ 44. Kxh4 Ke6 45. Kg3 Kd5 46. Kf3 Kc4 47. Kf4 Bc2
48. Kf3 Bxb4 49. Bc7 Kd5 50. Bf4 Bd1+ 51. Kf2 Ke4 52. Bc1 Bc5+ 53. Kf1 Be3 54.
Bb2 f4 55. Bg7 f3 56. Bd4 Bxd4 {White resigns} 0-1

[Event "Team 45 45 League T39"]
[Site "Internet Chess Club"]
[Date "2008.11.23"]
[Round "5"]
[White "Lionskins"]
[Black "fredd"]
[Result "0-1"]
[WhiteElo "1590"]
[BlackElo "1452"]
[Opening "Réti opening"]
[ECO "A06"]
[Time "21:03:04"]
[TimeControl "2700+45"]

1. Nf3 d5 2. e3 Nf6 3. h3 Nc6 4. c3 e5 5. Qa4 Bd7 6. Qc2 Bd6 7. b3 Qe7 8. Bb2 e4
9. Nd4 Nxd4 10. cxd4 g5 11. Nc3 a6 12. Be2 h5 13. Qd1 h4 14. d3 Bb4 15. a3 Bxc3+
16. Bxc3 exd3 17. Qxd3 g4 18. f3 gxh3 19. gxh3 Nh5 20. Bb4 Qf6 21. Kd2 Bb5 22.
Qc3 c6 23. Rh2 Bxe2 24. Kxe2 Ng3+ 25. Ke1 Qxf3 26. Rf2 Qh1+ 27. Kd2 Qxh3 28. Kc2
Ne4 29. Qe1 Nxf2 30. Qxf2 Qg3 31. Qf6 Qg6+ 32. Qxg6 fxg6 33. Bd6 Kd7 34. Be5 Rh5
35. Rg1 Rg8 36. Kd3 h3 37. Bh2 g5 38. Ke2 Rf8 39. Rg4 Ke6 40. b4 b5 41. Rg3 Kd7
42. Rf3 Rxf3 43. Kxf3 Rh8 44. Kg3 Re8 45. Bg1 Re4 46. Kxh3 Kc7 47. Kg3 Kb6 48.
Kf3 a5 49. Bf2 axb4 50. axb4 Kc7 51. Bg3+ Kd7 52. Bh2 Ke6 53. Bg3 Kf5 54. Bf2
Re7 55. Bg3 Rh7 56. Bf2 Rh1 57. Ke2 Ke4 58. Bg3 Rh3 59. Kf2 Rxg3 {White resigns}
0-1

[Event "Team 45 45 League T39"]
[Site "Internet Chess Club"]
[Date "2008.11.24"]
[Round "5"]
[White "ChronoKnight"]
[Black "jorobo"]
[Result "0-1"]
[WhiteElo "2024"]
[BlackElo "2154"]
[Opening "French: Winawer, advance, poisoned pawn, Konstantinopolsky variation"]
[ECO "C18"]
[Time "23:51:48"]
[TimeControl "2700+45"]

1. e4 e6 2. d4 d5 3. Nc3 Bb4 4. e5 c5 5. a3 Bxc3+ 6. bxc3 Ne7 7. Qg4 Qc7 8. Qxg7
Rg8 9. Qxh7 cxd4 10. Ne2 Nbc6 11. f4 Bd7 12. Qd3 dxc3 13. Nxc3 a6 14. Rb1 Na5
15. Rg1 Rc8 16. Bd2 Qc5 17. Ne2 Nc4 18. Bb4 Qa7 19. Bxe7 Kxe7 20. Nd4 Bb5 21. a4
Bxa4 22. f5 Bxc2 23. f6+ Ke8 24. Nxc2 Qxg1 25. Qh7 Rxg2 26. Rxb7 Qf2+ {White
resigns} 0-1

[Event "Team 45 45 League T39"]
[Site "Internet Chess Club"]
[Date "2008.11.23"]
[Round "5"]
[White "chsrules88"]
[Black "Aluminum"]
[Result "1/2-1/2"]
[WhiteElo "2003"]
[BlackElo "1832"]
[Opening "French: advance, Milner-Barry gambit"]
[ECO "C02"]
[Time "13:16:05"]
[TimeControl "2700+45"]

1. e4 e6 2. d4 d5 3. e5 c5 4. c3 Nc6 5. Nf3 Qb6 6. Bd3 cxd4 7. cxd4 Bd7 8. Bc2
Nb4 9. O-O Nxc2 10. Qxc2 Rc8 11. Nc3 Ne7 12. Be3 Nf5 13. Rac1 Be7 14. g4 Nxe3
15. fxe3 O-O 16. Rf2 f5 17. gxf5 Rxf5 18. e4 dxe4 19. Qxe4 Rcf8 20. Rcf1 Bc6 21.
Qd3 Bxf3 22. Rxf3 Rxf3 23. Rxf3 Rxf3 24. Qxf3 Qxd4+ 25. Kg2 Qxe5 26. Qxb7 Qg5+
27. Kf3 Qf5+ 28. Ke2 Bc5 29. Ne4 Qh5+ 30. Kd3 Qd1+ 31. Nd2 Qg1 32. Qc8+ Kf7 33.
Qc7+ Kg6 34. Qe5 Kf7 35. Qf4+ Kg6 36. Qe4+ Kf6 37. Qxh7 Qd4+ 38. Kc2 Bb4 39.
Ne4+ Ke5 40. Nc3 Bxc3 41. bxc3 Qe4+ 42. Qxe4+ Kxe4 43. Kd2 g5 44. a4 g4 45. Ke2
a5 46. Kd2 Kf3 47. c4 Kg2 48. c5 Kxh2 49. c6 g3 50. c7 g2 51. c8=Q g1=Q 52. Qc7+
Qg3 53. Qxa5 Qf2+ 54. Kd3 Qf3+ 55. Kd4 Qf4+ 56. Kc3 Qc1+ 57. Kd3 Qf1+ 58. Kc2
Qf5+ 59. Qxf5 exf5 60. a5 f4 61. a6 f3 62. a7 f2 63. a8=Q f1=Q 64. Qb8+ Kg1 65.
Kc3 Qf3+ 66. Kd4 Qf2+ 67. Kd3 Qf3+ {Game drawn by mutual agreement} 1/2-1/2

[Event "Team 45 45 League T39"]
[Site "Internet Chess Club"]
[Date "2008.11.23"]
[Round "5"]
[White "usc"]
[Black "lele"]
[Result "0-1"]
[WhiteElo "1808"]
[BlackElo "2139"]
[Opening "English opening"]
[ECO "D35"]
[Time "14:02:04"]
[TimeControl "2700+45"]

1. c4 e6 2. Nc3 d5 3. cxd5 exd5 4. d4 Nf6 5. Bf4 Bd6 6. Bg3 O-O 7. e3 Bf5 8. Bd3
Bxd3 9. Qxd3 Nc6 10. a3 Re8 11. Nf3 Ne4 12. O-O Bxg3 13. hxg3 Na5 14. Ne5 f6 15.
Nf3 Nxc3 16. Qxc3 Nc4 17. Rfc1 c6 18. Nd2 Nd6 19. Rab1 Qc8 20. b4 Qf5 21. a4
Rac8 22. Qc5 Qe6 23. Qc2 h5 24. Qg6 Qg4 25. Qxg4 hxg4 26. Rc2 Kf7 27. Rbc1 Rh8
28. Kf1 Rh2 29. Re1 Rch8 30. Rcc1 Ke6 31. Nb3 Kf5 32. Nc5 g5 33. Nd3 Kg6 34. Ke2
Rxg2 35. Rh1 Rgh2 36. Rxh2 Rxh2 37. Ra1 Ne4 38. Rc1 Nxg3+ 39. Kd2 Ne4+ 40. Ke2
g3 41. Rf1 gxf2 42. Nxf2 Ng3+ {White resigns} 0-1

[Event "Team 45 45 League T39"]
[Site "Internet Chess Club"]
[Date "2008.11.24"]
[Round "5"]
[White "PaulKaspar"]
[Black "rasdern"]
[Result "1/2-1/2"]
[WhiteElo "1770"]
[BlackElo "1670"]
[Opening "Sicilian defense"]
[ECO "B20"]
[Time "21:10:32"]
[TimeControl "2700+45"]

1. e4 c5 2. Bd3 e5 3. c3 Nf6 4. Bc2 d5 5. exd5 Nxd5 6. d4 exd4 7. cxd4 cxd4 8.
Qxd4 Nc6 9. Ba4 Bb4+ 10. Bd2 Bxd2+ 11. Qxd2 O-O 12. Ne2 Ndb4 13. O-O Qb6 14.
Bxc6 Nxc6 15. Nbc3 Rd8 16. Qc1 Bf5 17. Ng3 Bg6 18. b3 Rac8 19. Qb2 Nb4 20. Na4
Qa5 21. Rfd1 Nd3 22. Qd2 Qe5 23. Qe2 Qxe2 24. Nxe2 b5 25. Nac3 b4 26. Nb5 Rc2
27. Nbd4 Rcc8 28. h3 {Game drawn by mutual agreement} 1/2-1/2